 Dungeon Crawl Stone Soup version 0.30-a0-457-g4b7bca3bfa (webtiles) character file.

Game seed: 2373301211362490748

904 NinjaNoafa the Firebug (level 7, -3/50 HPs)
             Began as a White Draconian Fire Elementalist on Dec 14, 2022.
             Was a Follower of Vehumet.
             Slain by an iguana (10 damage)
             ... on level 4 of the Dungeon.
             The game lasted 00:14:31 (5229 turns).

NinjaNoafa the Firebug (DrFE)                       Turns: 5229, Time: 00:14:32

Health: -3/50      AC:  6    Str: 10    XL:     7   Next: 80%
Magic:  8/21       EV: 11    Int: 17    God:    Vehumet [*.....]
Gold:   247        SH:  7    Dex: 12    Spells: 8/12 levels left

rFire   . . .      SeeInvis .    d - +2 dagger (venom)
rCold   + . .      Faith    .    i - +2 buckler {rN+}
rNeg    + + .      Spirit   .    (body armour unavailable)
rPois   .          Reflect  .    (helmet restricted)
rElec   .          Harm     .    (no cloak)
rCorr   .          Rampage  .    (no gloves)
Will    .....                    (no boots)
Stlth   ++........               (no amulet)
HPRegen 0.28/turn                c - ring of magical power
MPRegen 0.17/turn                n - ring of positive energy

@: no status effects
A: breathe frost, AC +6, unfitting armour, cold resistance 1, cold-blooded
a: Breathe Frost, Renounce Religion


You were on level 4 of the Dungeon.
You worshipped Vehumet.
Vehumet was aware of your devotion.
You visited 1 branch of the dungeon, and saw 4 of its levels.

You collected 247 gold pieces.

Inventory:

Hand Weapons
 d - a +2 dagger of venom (weapon)
Missiles
 e - 3 poisoned darts (quivered)
 g - 58 stones
 o - a throwing net
 y - 2 curare-tipped darts
 z - 3 javelins
Armour
 i - a +2 buckler of positive energy (worn)
Jewellery
 c - a ring of magical power (left hand)
 n - a ring of positive energy (right hand)
Wands
 j - a wand of digging (2)
Scrolls
 b - 2 scrolls of noise
 h - a scroll of vulnerability
 l - a scroll of fog {unknown}
 m - a scroll of torment {unknown}
 p - a scroll of magic mapping {unknown}
 s - 2 scrolls of amnesia
 t - a scroll of immolation {unknown}
 v - a scroll of enchant armour {unknown}
 x - a scroll of identify
Potions
 a - 3 potions of magic
 f - 2 potions of resistance
 k - a potion of attraction
 q - a potion of haste
 r - a potion of brilliance {unknown}
 u - a potion of lignification {unknown}
 w - a potion of curing {unknown}
 A - 2 potions of flight {unknown}


   Skills:
 - Level 1.7 Dodging
 - Level 1.7 Stealth
 - Level 4.0 Shields
 + Level 3.4 Spellcasting
 + Level 4.2 Conjurations
 + Level 2.6 Hexes
 + Level 4.4 Fire Magic
 + Level 1.1 Air Magic


You had 8 spell levels left.
You knew the following spells:

 Your Spells              Type           Power      Damage    Failure   Level
a - Foxfire               Conj/Fire      68%        2x1d7     3%          1
b - Scorch                Fire           34%        2d6       5%          2
c - Shock                 Conj/Air       48%        1d6       7%          1

Your spell library contained the following spells:

 Spells                   Type           Power      Damage    Failure   Level
 Inner Flame              Hex/Fire       14%        N/A       16%         3
 Kindle Blastsparks       Fire/Tloc/Air  18%        2d11      30%         3
 Flame Wave               Conj/Fire      17%        2d7       34%         4


Dungeon Overview and Level Annotations

Branches:
Dungeon (4/15)
 Temple: D:4-7

Altars:
Ashenzari
Trog
Vehumet

Annotations:
D:3 1 runed translucent door, Crazy Yiuf


Innate Abilities, Weirdness & Mutations

You can breathe waves of freezing cold which knock back foes.
Your icy white scales are hard. (AC +6)
You cannot fit into any form of body armour.
Your flesh is cold resistant. (rC+)
You are cold-blooded and may be slowed by cold attacks.


Message History

Confirm with . or Enter, or press ? or * to list all spells.
You conjure some foxfire!
The foxfire hits the orc warrior but does no damage.
The orc warrior is moderately wounded.
The foxfire hits the orc warrior.
The orc warrior is moderately wounded.
The orc warrior barely misses you. The iguana bites you.
Casting: Foxfire (safe; 3% risk of failure)
Confirm with . or Enter, or press ? or * to list all spells.
You conjure some foxfire!
The foxfire hits the iguana but does no damage.
The iguana is moderately wounded.
The foxfire hits the iguana but does no damage.
The iguana is moderately wounded.
The orc warrior closely misses you.
The orc warrior closely misses your foxfire.
The iguana bites you but does no damage.
Casting: Foxfire (safe; 3% risk of failure)
Confirm with . or Enter, or press ? or * to list all spells.
You conjure some foxfire!
The foxfire hits the orc warrior.
The orc warrior is heavily wounded.
The foxfire hits the iguana but does no damage.
The iguana is moderately wounded.
The orc warrior hits you with a +0 battleaxe!
* * * LOW HITPOINT WARNING * * *
You block the iguana's attack.
The foxfire hits the iguana.
The iguana is heavily wounded.
The foxfire hits the orc warrior.
The orc warrior is heavily wounded.
The orc warrior unwields a +0 battleaxe.
The orc warrior wields a +0 arbalest.
The orc warrior shoots a bolt.
The bolt hits you!
* * * LOW HITPOINT WARNING * * *
The orc warrior shoots a bolt.
The bolt barely misses you.
Okay, then.
As you read the scroll of identify, it crumbles to dust.
s - 2 scrolls of amnesia The iguana bites you!
You die...

##.#.#'######..##.# #.#.##
.#.#.#.######.....######## #.#.##
.#.#.).........##)#......# #.#...
.#...#.##########.#......###.####
.###.#.# #.......+......####....
...#.#.# #.......#......##.###..
.#.#.#.# #.......#......##...##.
.#.#.#.####..............##....#.
.#.........)..ol@...>###. #.#####
.###.#.####......##### #..#.oo#
.....#.# #......# ....+._.#
.......# ######## ##..#...#
[).....# ##### .......# ....#.
.......# ...##. .......# #.###..
.......# ###...#


You could see an orc warrior and an iguana.

Vanquished Creatures
  Sigmund (D:4)
  A water moccasin (D:4)
  A centaur (D:4)
  A scorpion (D:3)
  5 orc priests
  A hound (D:4)
  Ijyb (D:4)
  5 orc wizards
  6 adders
  An ufetubus (D:4)
  4 dart slugs
  24 orcs
  A bat (D:3)
  5 endoplasms
  5 giant cockroaches
  5 goblins
  5 hobgoblins
  2 quokkas (D:1)
  8 ball pythons
  8 frilled lizards
  4 kobolds
  8 rats
102 creatures vanquished.

Vanquished Creatures (others)
  336 foxfires
336 creatures vanquished.

Grand Total: 438 creatures vanquished

Notes
Turn   | Place    | Note
-------+----------+-------------------------------------------
     0 | D:1      | NinjaNoafa the Draconian Fire Elementalist began the quest
                  | for the Orb.
     0 | D:1      | Reached XP level 1. HP: 14/14 MP: 3/3
   381 | D:1      | Reached XP level 2. HP: 20/20 MP: 5/5
   817 | D:1      | Learned a level 2 spell: Scorch
  1150 | D:2      | Reached XP level 3. HP: 25/26 MP: 6/6
  1460 | D:2      | Reached skill level 1 in Shields
  1460 | D:2      | Reached XP level 4. HP: 19/33 MP: 2/8
  1866 | D:2      | Found a bloodstained altar of Trog.
  2306 | D:2      | Reached XP level 5. HP: 20/38 MP: 2/9
  2959 | D:3      | Found a radiant altar of Vehumet.
  3099 | D:3      | Became a worshipper of Vehumet
  3285 | D:3      | Reached XP level 6. HP: 34/45 MP: 10/10
  3846 | D:3      | Found a runed translucent door.
  3847 | D:3      | Noticed Crazy Yiuf
  4051 | D:4      | Found a broken altar of Ashenzari.
  4427 | D:4      | Noticed Sigmund
  4436 | D:4      | Killed Sigmund
  4437 | D:4      | Reached skill level 1 in Hexes
  4437 | D:4      | Your scales start taking on an icy white colour.
  4437 | D:4      | Reached XP level 7. HP: 50/50 MP: 11/11
  4437 | D:4      | Gained mutation: Your flesh is cold resistant. (rC+) [White
                  | Draconian growth]
  4530 | D:4      | Reached * piety under Vehumet
  4530 | D:4      | Offered knowledge of Shock by Vehumet.
  4533 | D:4      | Learned a level 1 spell: Shock
  4893 | D:4      | Noticed Ijyb
  4900 | D:4      | Killed Ijyb
  5209 | D:4      | Reached skill level 1 in Air Magic
  5229 | D:4      | Slain by an iguana

Illustrated notes

Levels and vault maps discovered:
D:1:      minmay_arrival_widening_spiral_wide, layout_rooms
D:2:      cheibrodos_pilgrimage, layout_basic, minmay_hexomino_r4
D:3:      layout_basic, fiery_altar_vehumet, ebering_dispersal_statue_hall,
          uniq_crazy_yiuf_cottage
D:4:      layout_basic, nicolae_ashenzari_skybound, minmay_divided_ellipse,
          uniq_sigmund, uniq_ijyb

Skill      XL: |  1  2  3  4  5  6  7 |
---------------+----------------------+-----
Shields        | 1 2 3 4 |  4.0
Conjurations   | 2 3 4 |  4.2
Spellcasting   | 3 |  3.4
Fire Magic     | 4 |  4.4
Hexes          | 1 2 |  2.6
Air Magic      | 1 |  1.1
Dodging        | |  1.7
Stealth        | |  1.7

Action                   |  1- 3 |  4- 6 |  7- 9 || total
-------------------------+-------+-------+-------++-------
Melee: Short sword       |       |    11 |       ||    11
       Dagger            |       |     5 |       ||     5
       Tailslap          |       |     1 |       ||     1
Throw: Javelin           |       |    10 |     4 ||    14
 Cast: Foxfire           |    64 |   108 |    39 ||   211
       Scorch            |    13 |    34 |    16 ||    63
       Shock             |       |       |     5 ||     5
  Use: Scroll            |       |     7 |     1 ||     8
       Potion            |       |     3 |       ||     3
Armor: Skin              |     5 |    35 |     8 ||    48
Dodge: Dodged            |    10 |    38 |    20 ||    68
Block: Buckler           |     3 |    26 |     8 ||    37

Table legend: (Time is in decaauts)
 A = Elapsed time spent in this place.
 B = Non-inter-level travel time spent in this place.
 C = Inter-level travel time spent in this place.
 D = Time resting spent in this place.
 E = Time spent auto-exploring this place.
 F = Levels seen in this place.
 G = Mean time per level.
                   A        B        C        D        E       F      G
               +--------+--------+--------+--------+--------+-----+--------+
         Total |   5234 |   5113 |    121 |      0 |   4270 |   4 | 1308.5 |
       Dungeon |   5234 |   5113 |    121 |      0 |   4270 |   4 | 1308.5 |
               +--------+--------+--------+--------+--------+-----+--------+

Top non-repeatable levels by time:
     D:2: 1723 daAuts
     D:4: 1241 daAuts
     D:3: 1234 daAuts
     D:1: 1035 daAuts
